 Dungeon Crawl Stone Soup version 0.24.0-13-gcf9b319 (webtiles) character file.

Game seed: 7346101626601025323, levelgen mode: deterministic

31 Calico the Sneak (level 3, -4/27 HPs)
             Began as a Vampire Assassin on Feb 3, 2020.
             Slain by a scorpion (7 damage)
             ... in the Ecumenical Temple.
             The game lasted 00:22:21 (873 turns).

Calico the Sneak (Vampire Assassin)                  Turns: 873, Time: 00:22:22

Health: -4/27      AC:  3    Str: 10    XL:     3   Next: 7%
Magic:  3/3        EV: 13    Int: 13    God:
Gold:   43         SH:  0    Dex: 16    Spells: 2/2 levels left

rFire    . . .     SeeInvis +   a - +2 dagger
rCold    . . .     Gourm    .   (no shield)
rNeg     . . .     Faith    .   b - +0 robe
rPois    .         Spirit   .   (no helmet)
rElec    .         Reflect  .   c - +0 cloak
rCorr    .         Harm     .   (no gloves)
MR       .....                  (no boots)
Stlth    +++.......             (no amulet)
HPRegen  0.29/turn              (no ring)
MPRegen  0.08/turn              (no ring)

@: lethally poisoned (-4 -> -19), regenerating quickly
A: no food, fangs 3, see invisible, unbreathing
a: Exsanguinate


You were in the Ecumenical Temple.
You were alive.

You visited 2 branches of the dungeon, and saw 4 of its levels.

You collected 43 gold pieces.

Inventory:

Hand Weapons
 a - a +2 dagger (weapon)
Missiles
 d - 8 poisoned darts (quivered)
 e - 2 curare-tipped darts
Armour
 b - a +0 robe (worn)
 c - a +0 cloak (worn)
Scrolls
 f - 3 scrolls of identify
 h - a scroll of teleportation
 j - a scroll of magic mapping {unknown}
 l - a scroll of amnesia {unknown}
 n - a scroll of enchant weapon {unknown}
Potions
 g - 2 potions of haste {unknown}
 i - a potion of degeneration {unknown}
 k - a potion of curing {unknown}
 m - a potion of berserk rage {unknown}
 o - a potion of might {unknown}


   Skills:
 + Level 2.0 Fighting
 + Level 2.5 Short Blades
 - Level 1.5 Throwing
 * Level 2.1 Dodging
 * Level 6.5 Stealth


You had 2 spell levels left.
You didn't know any spells.
Your spell library was empty.

Dungeon Overview and Level Annotations

Branches:
Dungeon (4/15)             Temple (1/1) D:4

Altars:
Wu Jian


Innate Abilities, Weirdness & Mutations

You do not eat.
Your natural rate of healing is unusually fast.
You have razor-sharp teeth.
You have supernaturally acute eyesight. (SInv)
You can survive without breathing.


Message History

There is a staircase to the Ecumenical Temple here.
The scorpion stings you.
You are poisoned.
The scorpion poisons you!
You climb downwards.
Welcome to the Ecumenical Temple!
You feel sick.
Found an ornate altar of the Wu Jian Council.
There is a staircase back to the Dungeon here.
You barely miss the scorpion.
You feel sick. The scorpion stings you!
You hit the scorpion.
The scorpion is lightly wounded.
You feel sick. The scorpion stings you!
* * * LOW HITPOINT WARNING * * *
You are more poisoned.
The scorpion poisons you!
As you read the scroll labeled ZAFROTSYLA, it crumbles to dust.
It is a scroll of identify.
h - a scroll of teleportation
* * * LOW HITPOINT WARNING * * *
You feel sick. The scorpion stings you!
You die...

#########
#.......#
####.......#
......s@...#
...........#
._.........#
.....#######
...## ##


You could see a scorpion.

Vanquished Creatures
  A worm (D:4)
  3 bats (D:1)
  2 giant cockroaches (D:1)
  3 goblins
  2 hobgoblins (D:1)
  4 jackals (D:1)
  3 kobolds (D:1)
  3 frilled lizards (D:1)
  4 rats (D:1)
25 creatures vanquished.

Notes
Turn   | Place    | Note
-------+----------+-------------------------------------------
     0 | D:1      | Calico the Vampire Assassin began the quest for the Orb.
     0 | D:1      | Reached XP level 1. HP: 16/16 MP: 1/1
    41 | D:1      | Reached skill level 6 in Stealth
   167 | D:1      | Reached XP level 2. HP: 18/22 MP: 2/2
   808 | D:2      | You fall into a shaft and drop 2 floors!
   841 | D:4      | Noticed a scorpion
   850 | D:4      | Noticed a scorpion
   857 | D:4      | Found a staircase to the Ecumenical Temple.
   867 | D:4      | Reached XP level 3. HP: 27/27 MP: 3/3
   870 | Temple   | Entered the Ecumenical Temple
   873 | Temple   | Slain by a scorpion

Levels and vault maps discovered:
D:1:      minmay_arrival_split_and_join, layout_loops_corners
D:2:      layout_loops_ring, chequers_temple_overflow_statue_of_worship,
          overflow_temple_1_default, nicolae_overflow_hidden_temple,
          corexii_corridor_pit, minmay_tetromino_s4, uniq_sigmund, uniq_robin
D:4:      layout_gridville, nemelex_xobeh_ov_fountains_minmay,
          minmay_temple_entry_overgrown, minmay_misc_feat_diagonals,
          kennysheep_generic_room_9, uniq_natasha
Temple:   regret_index_temple_waves

Skill      XL: |  1  2 |
---------------+-------+-----
Stealth        | 6 |  6.5
Fighting       | 2 |  2.0
Dodging        | 2 |  2.1
Short Blades   | |  2.5
Throwing       | |  1.5

Action                   || total
-------------------------++-------
Melee: Dagger            ||    55
       Bite              ||     4
  Use: Scroll            ||     1
 Stab: Sleeping          ||    11
Armor: Robe              ||    10
Dodge: Dodged            ||    20
